 Dungeon Crawl Stone Soup version 0.31.0-4-g52a2dc7128 (webtiles) character file.

Game seed: 1231072990652307844

8107 BeingJoeMalik the Geomancer (level 11, -1/61 HPs)
             Began as a Gargoyle Earth Elementalist on Jan 23, 2024.
             Was an Elder of Vehumet.
             Slain by an unseen horror zombie (3 damage)
             ... on level 9 of the Dungeon.
             The game lasted 00:45:35 (10262 turns).

BeingJoeMalik the Geomancer (GrEE)                 Turns: 10262, Time: 00:45:35

Health: -1/61      AC: 19    Str: 16    XL:     11   Next: 25%
Magic:  34/34      EV: 11    Int: 26    God:    Vehumet [****..]
Gold:   86         SH:  0    Dex: 10    Spells: 6/30 levels left

rFire   . . .        J - staff of conjuration
rCold   . . .        i - orb {light}
rNeg    + . .        E - +0 steam dragon scales
rPois   ∞            D - +2 helmet "Ilaffis" {Str+4}
rElec   +            g - scarf {repulsion}
rCorr   .            (no gloves)
SInv    .            d - +2 pair of boots
Will    .....        K - amulet of magic regeneration
Stlth   +            a - +6 ring of intelligence
HPRegen 0.30/turn    L - ring of magical power
MPRegen 0.64/turn

%: repel missiles
@: glowing, studying Unarmed Combat
A: sickness immunity, AC +8, negative energy resistance 1, electricity
resistance, torment resistance 1, petrification resistance
a: Renounce Religion


You were on level 9 of the Dungeon.
You worshipped Vehumet.
Vehumet was greatly pleased with you.
You visited 2 branches of the dungeon, and saw 10 of its levels.
You also visited: Ossuary.

You collected 496 gold pieces.
You spent 410 gold pieces at shops.

Inventory:

Hand Weapons
 f - a +1 quarterstaff
 M - a +0 demon whip of venom
Missiles
 l - 2 throwing nets
 t - 16 darts of dispersal
 z - 5 curare-tipped darts (quivered)
Armour
 d - a +2 pair of boots (worn)
 g - a scarf of repulsion (worn)
 i - an orb of light (worn)
 D - the +2 helmet "Ilaffis" (worn) {Str+4}
   (You found it on level 5 of the Dungeon)

   Str+4:     It affects your strength (+4).
 E - +0 steam dragon scales (worn)
 H - a +1 ring mail of cold resistance
Magical Staves
 r - a staff of fire
 v - a staff of earth
 J - a staff of conjuration (weapon)
Jewellery
 a - a +6 ring of intelligence (left hand)
 B - a +4 ring of protection
 K - an amulet of magic regeneration (around neck)
 L - a ring of magical power (right hand)
Wands
 n - a wand of mindburst (20)
 u - a wand of polymorph (14)
 F - a wand of roots (3)
 I - a wand of flame (44)
Scrolls
 k - 2 scrolls of amnesia
 p - 5 scrolls of revelation
 x - 5 scrolls of teleportation
 y - a scroll of enchant armour
 G - a scroll of fear
Potions
 b - a potion of magic
 c - 2 potions of lignification
 e - a potion of cancellation {unknown}
 h - 5 potions of curing
 j - a potion of heal wounds
 m - a potion of invisibility {unknown}
 o - 3 potions of enlightenment
 q - 2 potions of degeneration
 s - a potion of berserk rage
 w - 3 potions of attraction
 A - a potion of haste {unknown}
 C - a potion of might {unknown}


   Skills:
 * Level 4.1 Fighting
 - Level 1.5 Dodging
 - Level 2.1 Stealth
 + Level 10.2 Spellcasting
 * Level 8.1 Conjurations
 - Level 1.1 Fire Magic
 - Level 0.8 Air Magic
 + Level 11.3 Earth Magic
 - Level 3.6 Alchemy


You had 6 spell levels left.
You knew the following spells:

 Your Spells              Type           Power      Damage    Failure   Level
a - Sandblast             Erth           100%       2d20      1%          1
b - Stone Arrow           Conj/Erth      100%       3d13      1%          3
c - Sting                 Conj/Alch      100%       1d9       1%          1
d - Petrify               Alch/Erth      51%        N/A       1%          4
e - Passwall              Erth           64%        N/A       1%          3
f - Mercury Vapours       Alch/Air       50%        N/A       1%          2
g - Foxfire               Conj/Fire      100%       2x1d9     1%          1
h - Mephitic Cloud        Conj/Alch/Air  52%        N/A       1%          3
i - Scorch                Fire           38%        2d6       1%          2
j - Flame Wave            Conj/Fire      54%        2d13      1%          4

Your spell library contained the following spells:

 Spells                   Type           Power      Damage    Failure   Level
 Iskenderun's Mystic Bla  Conj/Tloc      51%        2d11      2%          4
 Freeze                   Ice            52%        1d6       1%          1
 Kiss of Death            Conj/Necr      100%       2d13      1%          1
 Hailstorm                Conj/Ice       51%        3d10      1%          3
 Brom's Barrelling Bould  Conj/Erth      77%        2d9       1%          4
 Olgreb's Toxic Radiance  Alch           32%        N/A       2%          4
 Frozen Ramparts          Ice            26%        1d4       4%          3
 Ignite Poison            Fire/Alch      25%        N/A       4%          4
 Freezing Cloud           Conj/Ice/Air   21%        6-21      11%         5
 Confusing Touch          Hex            13%        N/A       14%         3
 Dispel Undead            Necr           13%        3d9       41%         4
 Summon Cactus Giant      Summ           6%         N/A       100%        6
 Ozocubu's Refrigeration  Ice            6%         4d8       100%        7
 Discord                  Hex            6%         N/A       100%        8
 Cigotuvi's Dreadful Rot  Necr/Alch/Air  Unusable   N/A       N/A         2

Dungeon Overview and Level Annotations

Branches:
Dungeon (9/15)             Temple (1/1) D:7            Lair (0/5) D:9
    Orc (0/2) D:9         Ossuary (visited)

Altars:
Cheibriados
Dithmenos
Elyvilon
Fedhas
Gozag
Hepliaklqana
Kikubaaqudgha
Makhleb
Nemelex Xobeh
Okawaru
Qazlal
Sif Muna
Trog
Uskayaw
Vehumet
Wu Jian
Xom
Yredelemnul
Zin

Shops:
D:4 :   D:5 *!   D:7 =   D:8 =?!


Innate Abilities, Weirdness & Mutations

You are immune to sickness and miasma.
Your stone body is resilient. (AC +8)
You are immune to poison.
You resist negative energy. (rN+)
You are resistant to electric shocks. (rElec)
You are resistant to unholy torment.
You are immune to petrification.


Message History

The boulder beetle bites you but does no damage.
The unseen horror zombie closely misses you.
The unseen horror zombie attacks as it pursues you!
The unseen horror zombie barely misses you.
The unseen horror zombie hits you but does no damage.
The unseen horror zombie hits you.
The boulder beetle curls into a ball and begins rolling!
The unseen horror zombie hits you but does no damage. x2
The unseen horror zombie attacks as it pursues you!
The unseen horror zombie hits you but does no damage.
The unseen horror zombie attacks as it pursues you!
The unseen horror zombie hits you.
The unseen horror zombie hits you but does no damage.
The unseen horror zombie closely misses you.
The unseen horror zombie attacks as it pursues you!
The unseen horror zombie barely misses you.
The unseen horror zombie hits you but does no damage. x3
The unseen horror zombie misses you.
The unseen horror zombie closely misses you.
The unseen horror zombie completely misses you.
The unseen horror zombie closely misses you.
The unseen horror zombie hits you but does no damage.
The unseen horror zombie attacks as it pursues you!
The unseen horror zombie hits you but does no damage.
The unseen horror zombie barely misses you.
The unseen horror zombie hits you but does no damage.
The boulder beetle attacks as it pursues you!
The boulder beetle hits you!!
Ouch! That really hurt!
* * * LOW HITPOINT WARNING * * *
The boulder beetle stops rolling and uncurls.
The unseen horror zombie misses you.
The boulder beetle bites you but does no damage.
The unseen horror zombie hits you.
* * * LOW HITPOINT WARNING * * *
Blink to where?
Press: ? - help, Dir - move target, p - boulder beetle
As you read the scroll of blinking, it crumbles to dust.
The unseen horror zombie hits you.
You die...

....)....^'?#§#<...........#...#.
...)#########.+............#...#.
....#^^^^^#....)...........#...'.
..#.#.#.#.#...#[.......##'##...#.
..#.#######.+##....##'##.......#.
...................#......######.
......#..#.........#......##...#.
......#..+.....#'###........)..#.
.....P##'#.....'@)#...##.......#.
##..PP....[..)..ZZ)[.[.........#.
..........#####................'.
..P.PP....#....BZ..............#.
....#.....88.8...).............#.
#...#.....88..#...).....########.
#...##'##.88.............. #....
#.......#..........>....... #....
#.....).#.................. #....


You could see a boulder beetle, a centaur zombie and 2 unseen horror zombies.

Vanquished Creatures
  A catoblepas (D:9)
  Amaemon (D:9)
  An orange demon (D:9)
  2 unseen horror zombies (D:9)
  A troll (D:9)
  Grinder (D:4)
  A wraith (D:9)
  2 steam dragons
  Menkaure (D:7)
  2 water moccasins (D:8)
  5 orc warriors
  3 sky beasts (D:7)
  A black bear (D:5)
  An ogre (D:7)
  5 centaurs
  A phantom (D:5)
  3 kobold brigands
  3 gnoll sergeants
  3 scorpions
  3 bullfrogs
  5 water moccasin zombies (Ossuary)
  A burial acolyte (Ossuary)
  15 wights
  9 killer bees
  2 bombardier beetles
  2 centaur zombies (D:9)
  6 hounds
  3 orc priests
  2 jellies
  2 sleepcaps
  3 iguanas
  11 orc wizards
  A crocodile zombie (Ossuary)
  A bullfrog simulacrum (Ossuary)
  2 mummies (Ossuary)
  A howler monkey zombie (D:9)
  13 gnolls
  9 adders
  A shadow imp (D:6)
  5 white imps
  4 adder zombies (Ossuary)
  3 dart slugs
  2 ribbon worms
  42 orcs
  5 ball pythons
  4 endoplasms
  5 giant cockroaches
  12 gnoll zombies (Ossuary)
  12 goblins
  8 hobgoblins
  A quokka (D:2)
  4 bats
  5 frilled lizards (D:1)
  2 jackal zombies (Ossuary)
  20 kobolds
  An orc zombie (Ossuary)
  5 rats
270 creatures vanquished.

Vanquished Creatures (collateral kills)
  A foxfire (D:9)
1 creature vanquished.

Vanquished Creatures (others)
  222 foxfires
222 creatures vanquished.

Grand Total: 493 creatures vanquished

Notes
Turn   | Place    | Note
-------+----------+-------------------------------------------
     0 | D:1      | BeingJoeMalik the Gargoyle Earth Elementalist began the
                  | quest for the Orb.
     0 | D:1      | Reached XP level 1. HP: 10/10 MP: 3/3
   212 | D:1      | Reached skill level 4 in Earth Magic
   265 | D:1      | Reached XP level 2. HP: 15/15 MP: 1/5
   852 | D:1      | Reached XP level 3. HP: 19/19 MP: 4/6
   856 | D:1      | Learned a level 3 spell: Stone Arrow
  1453 | D:2      | Learned a level 1 spell: Sting
  1723 | D:2      | Found a white marble altar of Elyvilon.
  2016 | D:2      | Reached skill level 5 in Earth Magic
  2261 | D:3      | Reached XP level 4. HP: 24/24 MP: 4/8
  3149 | D:3      | Reached XP level 5. HP: 21/28 MP: 3/9
  3492 | D:4      | Reached skill level 6 in Earth Magic
  3492 | D:4      | Reached XP level 6. HP: 32/32 MP: 6/11
  3617 | D:4      | Found Baetret's Vocational Training.
  3630 | D:4      | Learned a level 4 spell: Petrify
  3757 | D:4      | You fall into a shaft and drop 3 floors!
  3758 | D:7      | Found a staircase to the Ecumenical Temple.
  3765 | Temple   | Entered the Ecumenical Temple
  3774 | Temple   | Became a worshipper of Vehumet
  3794 | D:7      | Reached XP level 7. HP: 30/36 MP: 8/13
  3813 | D:7      | Reached skill level 1 in Alchemy
  3815 | D:7      | Reached skill level 7 in Earth Magic
  3857 | D:7      | Found Vehoid Doeki's Jewellery Emporium.
  3977 | D:7      | Reached skill level 5 in Spellcasting
  3996 | D:7      | Found a sand-covered staircase.
  4002 | Ossuary  | Entered an ossuary
  4030 | Ossuary  | Learned a level 3 spell: Passwall
  4047 | Ossuary  | Reached XP level 8. HP: 41/41 MP: 12/15
  4236 | Ossuary  | Reached * piety under Vehumet
  4236 | Ossuary  | Offered knowledge of Freeze by Vehumet.
  4303 | Ossuary  | Reached skill level 8 in Earth Magic
  4466 | D:7      | Found Zin's Purification Station.
  4470 | D:7      | Found a glowing silver altar of Zin.
  4479 | D:7      | Bought a potion of curing for 90 gold pieces
  4501 | D:7      | Noticed Menkaure
  4503 | D:7      | Killed Menkaure
  4924 | D:7      | Reached skill level 5 in Conjurations
  4924 | D:7      | Reached XP level 9. HP: 45/45 MP: 13/18
  4927 | D:7      | Learned a level 2 spell: Mercury Vapours
  4978 | D:7      | Offered knowledge of Foxfire by Vehumet.
  4981 | D:7      | Learned a level 1 spell: Foxfire
  5100 | D:7      | Reached ** piety under Vehumet
  5245 | D:7      | Found a hazy altar of Hepliaklqana.
  5329 | D:6      | Reached skill level 9 in Earth Magic
  5471 | D:5      | Entered Level 5 of the Dungeon
  5765 | D:5      | Found a shadowy altar of Dithmenos.
  5904 | D:5      | Identified the +2 helmet "Ilaffis" {Str+4}
  5960 | D:5      | Found Qien's Serpentskin Sales.
  6025 | D:5      | Offered knowledge of Mephitic Cloud by Vehumet.
  6039 | D:5      | Learned a level 3 spell: Mephitic Cloud
  6354 | D:5      | Found Ponlump's Distillery.
  6703 | D:4      | Noticed Grinder
  6708 | D:4      | Killed Grinder
  6709 | D:4      | Reached skill level 1 in Fire Magic
  7028 | D:6      | Found a basalt altar of Yredelemnul.
  7473 | D:6      | Reached *** piety under Vehumet
  7782 | D:8      | Reached skill level 10 in Earth Magic
  7799 | D:8      | Found Subieghipn's Magic Scroll Boutique.
  7835 | D:8      | Found Pociwkea's Distillery.
  7938 | D:8      | Reached XP level 10. HP: 48/50 MP: 16/21
  8421 | D:8      | Found Qug Yxy's Jewellery Shoppe.
  8489 | D:8      | Offered knowledge of Fulminant Prism by Vehumet.
  8835 | D:8      | Found a bloodstained altar of Trog.
  8952 | D:9      | Found a staircase to the Orcish Mines.
  8970 | D:9      | Reached skill level 1 in Fighting
  9078 | D:7      | Bought a ring of magical power for 320 gold pieces
  9120 | D:9      | Learned a level 2 spell: Scorch
  9125 | D:9      | Learned a level 4 spell: Flame Wave
  9267 | D:9      | Noticed Amaemon
  9294 | D:9      | Noticed an orange demon
  9297 | D:9      | Killed Amaemon
  9297 | D:9      | Reached **** piety under Vehumet
  9298 | D:9      | Reached skill level 11 in Earth Magic
  9385 | D:9      | Killed an orange demon
  9481 | D:9      | Noticed a catoblepas
  9483 | D:9      | Noticed a tengu warrior
  9514 | D:9      | Offered knowledge of Iskenderun's Mystic Blast by Vehumet.
  9593 | D:9      | Reached XP level 11. HP: 43/60 MP: 24/24
  9706 | D:9      | Found a staircase to the Lair.
  9819 | D:9      | HP: 1/60 [catoblepas (17)]
  9828 | D:9      | Killed a catoblepas
  9829 | D:9      | Reached skill level 10 in Spellcasting
 10227 | D:9      | Noticed a boulder beetle
 10260 | D:9      | HP: 2/61 [unseen horror zombie (3)]
 10262 | D:9      | Slain by an unseen horror zombie

Illustrated notes

Levels and vault maps discovered:
D:1:      kilobyte_arrival_exit_the_forest, layout_basic,
          dreamdust_princess_corridor, minivault_19
D:2:      layout_basic, basic_altar, minmay_split_cup_small
D:3:      layout_loops_cross, grunt_decor_clamped, minmay_goblin_outpost
D:4:      dreamdust_elfheim, layout_basic, nicolae_shop_vocational, uniq_grinder
D:5:      cheibrodos_thug_alley, layout_loops_ring, grunt_dithmenos_shadows,
          serial_shops, nicolae_shop_competitors_out_of_business,
          guppyfry_shop_venom
D:6:      layout_loops_ring, general_overflow_altar, kennysheep_generic_room_2
D:7:      layout_loops_ring, zin_purify, nzn_hepliaklqana_mist_gate,
          minmay_temple_entry_waves, enter_ossuary_5, minmay_shop_grid_forest,
          minmay_unpleasant_kobolds, uniq_menkaure
D:8:      layout_gridville, mainiacjoe_overflow_alcove_4, serial_shops, shop,
          nicolae_shop_tiny_real_fake_doors, kennysheep_mini, minmay_checkerbox
D:9:      layout_gridville, nicolae_ru_the_path_less_chosen, lair_entry_dummy,
          david_orc_3, serial_undead, serial_undead_b, serial_undead_a,
          serial_undead_e, serial_undead_b, serial_undead_c, serial_undead_e,
          serial_undead_c, grunt_tough_drop, uniq_amaemon
Temple:   nicolae_temple_two_arcs

Skill      XL: |  1  2  3  4  5  6  7  8  9 10 11 |
---------------+----------------------------------+-----
Earth Magic    | 4 5 6 7 8 10 11 | 11.3
Spellcasting   | 3 4 5 6 7 9 10 | 10.2
Conjurations   | 2 3 5 6 7 8 |  8.1
Alchemy        | 1 2 3 |  3.6
Fire Magic     | 1 |  1.1
Fighting       | 3 4 |  4.1
Dodging        | |  1.5
Stealth        | |  2.1
Air Magic      | |  0.8

Action                     |  1- 3 |  4- 6 |  7- 9 | 10-12 || total
---------------------------+-------+-------+-------+-------++-------
  Melee: Staff             |       |       |    21 |     2 ||    23
   Cast: Sandblast         |    50 |    52 |   178 |    36 ||   316
         Sting             |       |     1 |       |       ||     1
         Stone Arrow       |       |       |    18 |    29 ||    47
         Foxfire           |       |       |    23 |   102 ||   125
         Mercury Vapours   |       |       |     1 |     2 ||     3
         Mephitic Cloud    |       |       |     1 |     1 ||     2
         Scorch            |       |       |       |    55 ||    55
    Use: Scroll            |       |     1 |    11 |     4 ||    16
         Potion            |       |     1 |       |     2 ||     3
 Armour: Robe              |     2 |    20 |    60 |       ||    82
         Steam dragon scal |       |       |    18 |   201 ||   219
  Dodge: Dodged            |     1 |    23 |    62 |   155 ||   241
         Repelled          |       |       |     2 |     1 ||     3
